AoeStats
← Niko0

MegaRandom

510367271Analyzed
4v4 RM · 17h ago on Sep 30, 2026· 31m 46s· 8 players
Game mode
Random Map
Map size
Large (8 player)
Population
200
Speed
Normal
Resources
Standard
Victory
Conquest
Starting age
Dark Age
Ending age
Imperial Age
RankedLock teamsTeams togetherTeam positionsShared explorationLock speedFull tech treeHidden civsTurbo modeCheats
Victory
Defeat
🇪🇪 Maya · Estonia
885
+17
🇪🇪 Wei · Estonia
884
+17
🇪🇪 Saracens · Estonia
862
+18
🇪🇪 Mongols · Estonia
797
+20
🇦🇷 Burgundians · Argentina
931
-19
🇩🇪 Romans · Germany
903
-18
🇦🇹 Hindustanis · Austria
897
-18
🇬🇧 Celts · United Kingdom
888
-17
No name1406
3:41 Loom
11:09 Feudal Age
12:11 Double-Bit Axe
14:07 Wheelbarrow
15:18 Town Watch
19:34 Castle Age
18:08 Horse Collar
19:19 Man-at-Arms
20:13 Forging
20:00 Arson
23:52 Iron Casting
23:18 Scale Mail Armor
23:53 Gold Mining
24:42 Heavy Plow
26:24 Gold Shaft Mining
27:11 Chain Mail Armor
27:19 Pikeman
Archimedes420
2:49 Loom
9:05 Feudal Age
11:05 Bloodlines
12:08 Scale Barding Armor
11:56 Horse Collar
12:12 Double-Bit Axe
13:25 Arson
15:13 Wheelbarrow
14:51 Man-at-Arms
15:22 Town Watch
17:10 Scale Mail Armor
19:27 Forging
22:00 Castle Age
21:46 Fletching
22:56 Husbandry
23:28 Squires
25:34 Pikeman
29:21 Chain Mail Armor
30:24 Chain Barding Armor
31:41 Hand Cart
Haudinida
0:44 Loom
10:04 Feudal Age
10:30 Horse Collar
12:30 Wheelbarrow
15:11 Gold Mining
19:41 Castle Age
18:37 Stone Mining
18:41 Double-Bit Axe
18:59 Fletching
19:20 Scale Barding Armor
20:12 Forging
20:05 Scale Mail Armor
21:27 Squires
20:50 Man-at-Arms
30:15 Imperial Age
28:51 Long Swordsman
30:40 Iron Casting
30:24 Bodkin Arrow
Niko0
3:15 Loom
7:06 Horse Collar
11:00 Feudal Age
13:47 Heavy Plow
13:41 Town Watch
14:32 Wheelbarrow
17:32 Castle Age
16:31 Forging
17:39 Scale Barding Armor
18:50 Iron Casting
18:35 Husbandry
17:58 Light Cavalry
23:11 Cavalier
23:52 Husbandry
24:15 Chain Barding Armor
26:08 Wheelbarrow
Franz
2:11 Loom
12:03 Feudal Age
12:46 Man-at-Arms
14:05 Town Watch
13:51 Man-at-Arms
19:33 Castle Age
17:41 Arson
18:14 Double-Bit Axe
20:26 Long Swordsman
28:05 Horse Collar
29:36 Ballistics
29:41 Murder Holes
31:50 Fletching
Jullllz
0:42 Loom
11:42 Feudal Age
13:12 Double-Bit Axe
14:28 Scale Barding Armor
14:38 Bloodlines
15:38 Wheelbarrow
18:20 Castle Age
16:41 Forging
16:19 Horse Collar
17:29 Gold Mining
18:26 Stone Mining
19:58 Iron Casting
19:44 Chain Barding Armor
22:26 Husbandry
26:05 Hand Cart
25:53 Scale Mail Armor
29:09 Heavy Plow
32:17 Gold Shaft Mining
31:58 Murder Holes
32:25 Ballistics
31:59 Town Watch
Pickle
1:15 Loom
10:57 Feudal Age
12:15 Wheelbarrow
11:30 Double-Bit Axe
12:02 Town Watch
13:49 Horse Collar
14:30 Stone Mining
14:30 Gold Mining
18:12 Castle Age
18:24 Forging
19:19 Town Patrol
19:45 Hand Cart
19:48 Bow Saw
21:45 Gold Shaft Mining
21:45 Stone Shaft Mining
21:56 Iron Casting
21:26 Scale Barding Armor
21:12 Fletching
21:35 Bloodlines
21:40 Husbandry
23:28 Tuntian
25:06 Chain Barding Armor
29:33 Imperial Age
30:27 Elite Tiger Cavalry
32:31 Ming Guang Armor
32:44 Hoardings
Lillek3
2:38 Loom
13:24 Feudal Age
14:56 Stone Mining
14:58 Gold Mining
19:04 Castle Age
17:20 Padded Archer Armor
17:11 Fletching
20:43 Double-Bit Axe
21:42 Wheelbarrow
22:14 Thumb Ring
22:28 Leather Archer Armor
26:44 Squires
26:30 Arson
26:06 Pikeman
27:19 Ballistics
27:09 Masonry
26:57 Murder Holes
27:06 Bodkin Arrow
27:54 Eagle Warrior
31:29 Imperial Age
30:11 Scale Mail Armor
30:22 Forging
Connection lost

Rejoining the realm…

Still unreachable

The connection could not be restored.

Session expired

The server has moved on; the page needs a fresh start.